 Dungeon Crawl Stone Soup version 0.26-a0-21-gf97e55dc39 (webtiles) character file.

Game seed: 10201197085043563624, levelgen mode: deterministic

14805 Napalmbreeze the Thaumaturge (level 12, -1/94 HPs)
             Began as a Gnoll Warper on May 26, 2020.
             Was an Elder of Makhleb.
             Slain by a catoblepas (26 damage)
             ... on level 2 of the Lair of Beasts.
             The game lasted 00:52:13 (14612 turns).

Napalmbreeze the Thaumaturge (Gnoll Warper)        Turns: 14612, Time: 00:52:13

Health: -1/94      AC: 13    Str: 23    XL:     12   Next: 20%
Magic:  33/33      EV: 16    Int: 20    God:    Makhleb [****..]
Gold:   715        SH:  6    Dex: 15    Spells: 13/28 levels left

rFire    + . .     SeeInvis .   b - +4 dagger
rCold    x . .     Gourm    .   n - +0 buckler (curse)
rNeg     . . .     Faith    .   K - +1 ring mail "Jayh" {+Blink MP+9}
rPois    .         Spirit   .   i - +1 helmet
rElec    .         Reflect  .   (no cloak)
rCorr    .         Harm     .   G - +1 pair of gloves {Str+3}
MR       .....                  v - +0 pair of boots
Stlth    +++.......             O - amulet of magic regeneration
HPRegen  0.25/turn              D - ring of fire
MPRegen  0.48/turn              y - +6 ring of strength

@: no status effects
A: distributed training, fangs 1, strong nose
a: Minor Destruction, Lesser Servant of Makhleb, Major Destruction, Renounce
Religion, Evoke Blink


You were on level 2 of the Lair of Beasts.
You worshipped Makhleb.
Makhleb was greatly pleased with you.
You were very hungry.

You visited 2 branches of the dungeon, and saw 12 of its levels.

You collected 715 gold pieces.

Inventory:

Hand Weapons
 a - a +0 spear
 b - a +4 dagger (weapon)
Missiles
 k - 50 poisoned darts (quivered)
 L - a throwing net
Armour
 i - a +1 helmet (worn)
 n - a cursed +0 buckler (worn)
 t - a +1 leather armour of poison resistance
 v - a +0 pair of boots (worn)
 G - a +1 pair of gloves of strength (worn)
 K - the +1 ring mail "Jayh" (worn) {+Blink MP+9}
   (You found it on level 8 of the Dungeon)

   It affects your magic capacity (+9).
   It lets you blink.
Magical Staves
 c - an uncursed staff of air
Jewellery
 g - an uncursed ring of magical power
 y - a +6 ring of strength (right hand)
 D - a ring of fire (left hand)
 H - an uncursed ring of ice
 O - an amulet of magic regeneration (around neck)
 W - an uncursed ring of ice
Wands
 r - a wand of clouds (5)
 w - a wand of digging (14)
 F - a wand of polymorph (17)
 M - a wand of paralysis (16)
Scrolls
 d - 3 scrolls of blinking
 l - a scroll of fog
 m - a scroll of enchant armour
 o - a scroll of teleportation {unknown}
 x - 2 scrolls of amnesia
 A - 4 scrolls of remove curse
 B - 2 scrolls of torment
 C - 2 scrolls of holy word
 J - 4 scrolls of vulnerability
 Q - a scroll of fear
 R - a scroll of acquirement {unknown}
 T - a scroll of magic mapping {unknown}
 U - a scroll of noise {unknown}
 V - 2 scrolls of enchant weapon
 Y - a scroll of summoning {unknown}
Potions
 e - a potion of flight {unknown}
 h - 3 potions of might
 j - a potion of heal wounds {unknown}
 p - 3 potions of resistance
 q - 2 potions of mutation
 s - 3 potions of lignification
 u - 2 potions of invisibility {unknown}
 E - a potion of degeneration {unknown}
 I - a potion of brilliance {unknown}
 N - 2 potions of stabbing {unknown}
 P - a potion of cancellation {unknown}
 S - 3 potions of haste {unknown}
Comestibles
 f - 14 rations


   Skills:
 + Level 8.4 Fighting
 + Level 6.9 Short Blades
 + Level 6.9 Long Blades
 + Level 6.9 Axes
 + Level 6.9 Maces & Flails
 + Level 8.4 Polearms
 + Level 6.9 Staves
 + Level 6.9 Slings
 + Level 6.9 Bows
 + Level 6.9 Crossbows
 + Level 7.4 Throwing
 + Level 7.4 Armour
 + Level 8.4 Dodging
 + Level 6.9 Stealth
 + Level 6.9 Shields
 + Level 6.9 Unarmed Combat
 + Level 8.6 Spellcasting
 + Level 5.7 Conjurations
 + Level 5.7 Hexes
 + Level 5.7 Charms
 + Level 5.7 Summonings
 + Level 5.7 Necromancy
 + Level 8.0 Translocations
 + Level 5.7 Transmutations
 + Level 5.7 Fire Magic
 + Level 5.7 Ice Magic
 + Level 5.7 Air Magic
 + Level 5.7 Earth Magic
 + Level 5.7 Poison Magic
 + Level 7.6 Invocations
 + Level 6.9 Evocations


You had 13 spell levels left.
You knew the following spells:

 Your Spells              Type           Power        Failure   Level  Hunger
a - Tukima's Dance        Hex            ####....     3%          3    None
b - Blink                 Tloc           N/A          1%          2    None
d - Shroud of Golubria    Chrm/Tloc      #####.       1%          2    None
f - Ensorcelled Hibernat  Hex/Ice        ####..       1%          2    None
t - Teleport Other        Tloc           #####...     1%          3    None
w - Lesser Beckoning      Tloc           #####.....   1%          3    None

Your spell library contained the following spells:

 Spells                   Type           Power        Failure   Level  Hunger
 Corona                   Hex            ####...      1%          1    None
 Gell's Gravitas          Tloc           #####.....   1%          3    None
 Confusing Touch          Hex            ####....     3%          3    None
 Dazzling Flash           Conj/Hex       ####..       3%          3    None
 Passage of Golubria      Tloc           N/A          4%          4    ###....
 Petrify                  Tmut/Erth      ####....     11%         4    ###....
 Metabolic Englaciation   Hex/Ice        ####......   30%         5    #####..
 Yara's Violent Unravell  Hex/Tmut       ####......   30%         5    #####..


Dungeon Overview and Level Annotations

Branches:
Dungeon (10/15)            Temple (0/1) D:5            Lair (2/6) D:9
  Swamp: Lair:2-4    Shoals: Lair:2-4     Snake: Lair:2-4    Spider: Lair:2-4
    Orc: D:9-12

Altars:
Elyvilon
Fedhas
Hepliaklqana
Makhleb
Nemelex Xobeh
Qazlal
Trog
Vehumet

Annotations:
D:4 PICLE IS HERE
D:9 3 runed translucent doors, harlaan's ghost, novice DESu


Innate Abilities, Weirdness & Mutations

Your experience applies equally to all skills.
You have very sharp teeth.
Your uncanny sense of smell can sniff out nearby items.


Message History

The catoblepas gores you!!
* * * LOW HITPOINT WARNING * * *
Unknown command.
You hit the catoblepas but do no damage.
The catoblepas is severely wounded.
Unknown command.
You hit the catoblepas.
You bite the catoblepas, but do no damage.
The catoblepas is severely wounded.
The catoblepas rams the ground with its head heavily.
The catoblepas misses you.
Unknown command.
You hit the catoblepas but do no damage.
You bite the catoblepas, but do no damage.
The catoblepas is almost dead.
Unknown command.
You hit the catoblepas but do no damage.
The catoblepas is almost dead.
The catoblepas gores you!!
You die...

#.......................
#P......................
##......................
#...§..................
#...............#+#...#
##.((##.##.P#P..#.......
#§(##.#.#####...........
##§##.Y...§.............
#§§##..@.....P..#.......
#.#.##.......#...#.......
###.#........##..........
..#####P.#.#...P.......
#.#.P###.##.P..#.......
#......................
#...............##.P.#.
#......................
#......................


You could see a catoblepas (extremely poisoned).

Vanquished Creatures
  Fannar (D:10)
  A hydra (Lair:2)
  Erica (D:10)
  A two-headed ogre (D:10)
  A black mamba (Lair:2)
  Psyche (D:9)
  A rime drake (Lair:2)
  A komodo dragon (D:9)
  A troll (D:10)
  5 blink frogs (Lair:2)
  4 hippogriffs
  3 basilisks (D:9)
  A wyvern (D:9)
  17 yaks
  A steam dragon (D:9)
  Menkaure (D:7)
  A porcupine (Lair:2)
  4 water moccasins (Lair:2)
  4 orc warriors
  2 sky beasts (D:5)
  2 necrophages (D:9)
  A phantom (D:6)
  A slave (D:4)
  4 ogres
  5 centaurs
  3 crocodiles
  2 big kobolds
  11 bullfrogs
  A water moccasin zombie (D:10)
  8 scorpions
  A water moccasin skeleton (D:10)
  13 killer bees
  A wight (D:6)
  A crimson imp (D:9)
  A quasit (D:8)
  A bullfrog zombie (D:6)
  2 bullfrog skeletons
  8 hounds
  12 orc priests
  4 jellies
  10 orc wizards
  Ijyb (D:3)
  3 iguanas
  A worker ant (D:5)
  A hound zombie (D:5)
  3 hound skeletons
  A howler monkey zombie (D:8)
  A worker ant zombie (D:5)
  7 adders
  A shadow imp (D:7)
  3 oozes
  2 adder zombies
  An adder skeleton (D:8)
  4 worms
  3 dart slugs
  8 leopard geckos
  28 orcs
  6 giant cockroaches
  7 goblins
  5 hobgoblins
  6 jackals
  5 quokkas
  7 bats
  A frilled lizard (D:1)
  A giant cockroach zombie (D:5)
  10 kobolds
  A leopard gecko skeleton (D:5)
  A leopard gecko zombie (D:8)
  2 quokka skeletons
  A quokka zombie (D:6)
  8 rats
273 creatures vanquished.

Vanquished Creatures (collateral kills)
  Maggie (Lair:2)
  A spiny frog (Lair:2)
  A yak (D:10)
  An orc warrior (D:10)
  3 orcs (D:10)
  A kobold (D:7)
8 creatures vanquished.

Vanquished Creatures (others)
  4 dancing weapons
  A fungus (Lair:2)
  A plant (Lair:2)
6 creatures vanquished.

Grand Total: 287 creatures vanquished

Notes
Turn   | Place    | Note
-------+----------+-------------------------------------------
     0 | D:1      | Napalmbreeze the Gnoll Warper began the quest for the Orb.
     0 | D:1      | Reached XP level 1. HP: 20/20 MP: 6/6
   251 | D:1      | Reached XP level 2. HP: 6/26 MP: 7/7
  1282 | D:2      | Reached XP level 3. HP: 20/31 MP: 9/9
  1402 | D:2      | Reached skill level 5 in Spellcasting
  1450 | D:2      | Found a white marble altar of Elyvilon.
  1466 | D:2      | Reached skill level 1 in Invocations
  1709 | D:2      | Reached skill level 1 in Short Blades
  1709 | D:2      | Reached skill level 1 in Long Blades
  1709 | D:2      | Reached skill level 1 in Axes
  1709 | D:2      | Reached skill level 1 in Maces & Flails
  1709 | D:2      | Reached skill level 1 in Staves
  1709 | D:2      | Reached skill level 1 in Slings
  1709 | D:2      | Reached skill level 1 in Bows
  1709 | D:2      | Reached skill level 1 in Crossbows
  1709 | D:2      | Reached skill level 1 in Stealth
  1709 | D:2      | Reached skill level 1 in Shields
  1709 | D:2      | Reached skill level 1 in Unarmed Combat
  1709 | D:2      | Reached skill level 1 in Evocations
  1719 | D:2      | Learned a level 2 spell: Blink
  1722 | D:2      | Learned a level 2 spell: Shroud of Golubria
  1929 | D:2      | Reached XP level 4. HP: 38/38 MP: 11/11
  2517 | D:3      | Found a burning altar of Makhleb.
  2773 | D:3      | Found a sparkling altar of Nemelex Xobeh.
  2874 | D:3      | Reached skill level 1 in Conjurations
  2874 | D:3      | Reached skill level 1 in Hexes
  2874 | D:3      | Reached skill level 1 in Charms
  2874 | D:3      | Reached skill level 1 in Summonings
  2874 | D:3      | Reached skill level 1 in Necromancy
  2874 | D:3      | Reached skill level 1 in Transmutations
  2874 | D:3      | Reached skill level 1 in Fire Magic
  2874 | D:3      | Reached skill level 1 in Ice Magic
  2874 | D:3      | Reached skill level 1 in Air Magic
  2874 | D:3      | Reached skill level 1 in Earth Magic
  2874 | D:3      | Reached skill level 1 in Poison Magic
  2891 | D:3      | Noticed Ijyb
  2918 | D:3      | Killed Ijyb
  2918 | D:3      | Reached XP level 5. HP: 21/43 MP: 12/12
  3228 | D:3      | Became a worshipper of Makhleb the Destroyer
  3298 | D:4      | Noticed a slave
  3579 | D:4      | Noticed a slave
  3814 | D:4      | Reached XP level 6. HP: 50/50 MP: 13/13
  3948 | D:4      | Killed a slave
  4276 | D:5      | Entered Level 5 of the Dungeon
  4288 | D:5      | Reached skill level 5 in Fighting
  4288 | D:5      | Reached skill level 5 in Polearms
  4288 | D:5      | Reached skill level 5 in Dodging
  4334 | D:5      | Found a staircase to the Ecumenical Temple.
  4367 | D:5      | Found a stormy altar of Qazlal.
  4372 | D:5      | Noticed a sky beast
  4399 | D:5      | Killed a sky beast
  4399 | D:5      | Reached XP level 7. HP: 28/56 MP: 10/15
  4819 | D:5      | Reached * piety under Makhleb
  5195 | D:6      | Reached XP level 8. HP: 55/63 MP: 16/16
  6273 | D:5      | Reached XP level 9. HP: 36/69 MP: 18/18
  7173 | D:6      | Reached ** piety under Makhleb
  7335 | D:6      | Learned a level 3 spell: Teleport Other
  7599 | D:7      | Learned a level 3 spell: Tukima's Dance
  7782 | D:7      | Reached skill level 5 in Throwing
  7782 | D:7      | Reached skill level 5 in Armour
  8248 | D:7      | Found a radiant altar of Vehumet.
  8285 | D:7      | Noticed Menkaure
  8306 | D:7      | Killed Menkaure
  8660 | D:7      | Learned a level 2 spell: Ensorcelled Hibernation
  8892 | D:8      | Reached skill level 5 in Invocations
  8971 | D:8      | Got an encrusted ring mail
  9231 | D:8      | Reached XP level 10. HP: 77/77 MP: 20/20
  9794 | D:8      | Identified the cursed +1 ring mail "Jayh" {+Blink MP+9}
                  | (You found it on level 8 of the Dungeon)
  9839 | D:9      | Reached skill level 5 in Short Blades
  9839 | D:9      | Reached skill level 5 in Long Blades
  9839 | D:9      | Reached skill level 5 in Axes
  9839 | D:9      | Reached skill level 5 in Maces & Flails
  9839 | D:9      | Reached skill level 5 in Staves
  9839 | D:9      | Reached skill level 5 in Slings
  9839 | D:9      | Reached skill level 5 in Bows
  9839 | D:9      | Reached skill level 5 in Crossbows
  9839 | D:9      | Reached skill level 5 in Stealth
  9839 | D:9      | Reached skill level 5 in Shields
  9839 | D:9      | Reached skill level 5 in Unarmed Combat
  9839 | D:9      | Reached skill level 5 in Evocations
  9902 | D:9      | Found a blossoming altar of Fedhas.
  9937 | D:9      | Noticed Psyche
  9948 | D:9      | Killed Psyche
  9948 | D:9      | Reached *** piety under Makhleb
 10265 | D:9      | Found a runed translucent gate.
 10265 | D:9      | Found a runed translucent gate.
 10265 | D:9      | Found a runed translucent gate.
 10265 | D:9      | Noticed harlaan's ghost (novice DESu)
 10686 | D:9      | Learned a level 3 spell: Lesser Beckoning
 10894 | D:9      | Found a staircase to the Lair.
 11201 | D:9      | Found a bloodstained altar of Trog.
 11303 | D:10     | Entered Level 10 of the Dungeon
 11317 | D:10     | Noticed Erica
 11609 | D:10     | Reached XP level 11. HP: 59/84 MP: 22/22
 11839 | D:10     | Reached **** piety under Makhleb
 11853 | D:10     | Noticed Fannar
 11872 | D:10     | Killed Fannar
 11872 | D:10     | Reached skill level 5 in Conjurations
 11872 | D:10     | Reached skill level 5 in Hexes
 11872 | D:10     | Reached skill level 5 in Charms
 11872 | D:10     | Reached skill level 5 in Summonings
 11872 | D:10     | Reached skill level 5 in Necromancy
 11872 | D:10     | Reached skill level 5 in Transmutations
 11872 | D:10     | Reached skill level 5 in Fire Magic
 11872 | D:10     | Reached skill level 5 in Ice Magic
 11872 | D:10     | Reached skill level 5 in Air Magic
 11872 | D:10     | Reached skill level 5 in Earth Magic
 11872 | D:10     | Reached skill level 5 in Poison Magic
 12290 | D:10     | Killed Erica
 12623 | D:10     | Noticed a two-headed ogre
 12795 | D:10     | Killed a two-headed ogre
 12995 | Lair:1   | Entered Level 1 of the Lair of Beasts
 13070 | Lair:1   | You fall into a shaft and drop 1 floor!
 13092 | Lair:2   | Noticed a catoblepas
 13585 | Lair:2   | Noticed Maggie
 13595 | Lair:2   | Found a hazy altar of Hepliaklqana.
 13615 | Lair:2   | Killed Maggie
 13615 | Lair:2   | Reached XP level 12. HP: 23/93 MP: 24/24
 13983 | Lair:2   | Got a crude hand axe
 13984 | Lair:2   | Identified the cursed +1 hand axe of the Shore {flame, rC-
                  | MR+ Int+3} (You found it on level 2 of the Lair of Beasts)
 14384 | Lair:2   | Noticed a five-headed hydra
 14415 | Lair:2   | Killed a five-headed hydra
 14612 | Lair:2   | Slain by a catoblepas

Illustrated notes

Levels and vault maps discovered:
D:1:      dpeg_arrival_round_a, layout_basic, minmay_misc_feat_enclosed
D:2:      layout_loops_ring, elyvilon_altar_5, serial_forest,
          infiniplex_forest_end_2, infiniplex_forest_straight_2,
          infiniplex_forest_clump_long, infiniplex_forest_side_room,
          infiniplex_forest_clump_diagonal, infiniplex_forest_clump_tiny,
          infiniplex_forest_lined_2, infiniplex_forest_clump_double,
          minivault_27
D:3:      minmay_wonky_spiral, layout_rooms, bloody_makhleb,
          nemelex_lonely_heart_becter, uniq_ijyb
D:4:      layout_loops_ring, uniq_pikel
D:5:      layout_rooms, nicolae_qazlal_eye_of_the_storm, temple_fountains,
          first_ration
D:6:      minmay_octagon_keep, layout_basic
D:7:      layout_basic, lemuel_crystal_altar, uniq_menkaure
D:8:      layout_loops_ring
D:9:      layout_loops_ring, kennysheep_mini_moat, erik_lair_dragon,
          gammafunk_ghost_spectres, fedhas_altar_2, uniq_psyche
D:10:     layout_loops_ring, uniq_erica, uniq_fannar
Lair:1:   layout_cave_shapes
Lair:2:   layout_regular_city, basic_altar, minivault_23, lemuel_fruit_fields,
          uniq_maggie

Skill      XL: |  1  2  3  4  5  6  7  8  9 10 11 12 |
---------------+-------------------------------------+-----
Spellcasting   | 5 6 7 8 |  8.6
Invocations    | 1 2 3 4 5 6 7 |  7.6
Short Blades   | 1 2 3 4 5 6 |  6.9
Long Blades    | 1 2 3 4 5 6 |  6.9
Axes           | 1 2 3 4 5 6 |  6.9
Maces & Flails | 1 2 3 4 5 6 |  6.9
Staves         | 1 2 3 4 5 6 |  6.9
Slings         | 1 2 3 4 5 6 |  6.9
Bows           | 1 2 3 4 5 6 |  6.9
Crossbows      | 1 2 3 4 5 6 |  6.9
Stealth        | 1 2 3 4 5 6 |  6.9
Shields        | 1 2 3 4 5 6 |  6.9
Unarmed Combat | 1 2 3 4 5 6 |  6.9
Evocations     | 1 2 3 4 5 6 |  6.9
Conjurations   | 1 2 3 4 5 |  5.7
Hexes          | 1 2 3 4 5 |  5.7
Charms         | 1 2 3 4 5 |  5.7
Summonings     | 1 2 3 4 5 |  5.7
Necromancy     | 1 2 3 4 5 |  5.7
Transmutations | 1 2 3 4 5 |  5.7
Fire Magic     | 1 2 3 4 5 |  5.7
Ice Magic      | 1 2 3 4 5 |  5.7
Air Magic      | 1 2 3 4 5 |  5.7
Earth Magic    | 1 2 3 4 5 |  5.7
Poison Magic   | 1 2 3 4 5 |  5.7
Throwing       | 3 4 5 6 7 |  7.4
Armour         | 3 4 5 6 7 |  7.4
Fighting       | 5 6 7 8 |  8.4
Polearms       | 5 6 7 8 |  8.4
Dodging        | 5 6 7 8 |  8.4
Translocations | 6 7 8 |  8.0

Action                   |  1- 3 |  4- 6 |  7- 9 | 10-12 || total
-------------------------+-------+-------+-------+-------++-------
Melee: Spear             |   159 |   204 |   577 |     2 ||   942
       Bite              |    13 |    27 |    78 |    68 ||   186
       Punch             |     1 |       |    16 |    14 ||    31
       Dagger            |       |       |     3 |   487 ||   490
Throw: Dart              |       |    51 |   123 |    53 ||   227
 Cast: Blink             |       |     2 |     1 |     3 ||     6
       Shroud of Golubri |       |     1 |     6 |       ||     7
       Tukima's Dance    |       |       |     8 |       ||     8
       Teleport Other    |       |       |     6 |     1 ||     7
       Ensorcelled Hiber |       |       |     5 |   115 ||   120
Invok: Lesser Servant of |       |       |       |     5 ||     5
       Minor Destruction |       |       |       |     8 ||     8
       Major Destruction |       |       |       |     1 ||     1
Evoke: Wand              |       |     1 |       |       ||     1
  Use: Scroll            |     3 |     4 |     2 |     9 ||    18
       Potion            |       |       |     2 |     3 ||     5
 Stab: Sleeping          |     4 |     2 |     3 |    51 ||    60
  Eat: Chunk             |     3 |     7 |    14 |    16 ||    40
       Ration            |       |       |     1 |       ||     1
Armor: Leather armour    |    34 |    41 |   170 |    16 ||   261
       Ring mail         |       |       |       |   125 ||   125
Dodge: Dodged            |    90 |    98 |   430 |   259 ||   877
Block: Buckler           |       |       |       |    12 ||    12

Table legend:
 A = Non-vault XP
 B = Vault XP
 C = Vault XP percentage of total XP
 D = Non-vault monster count
 E = Vault monster count
 F = Vault count percentage of total count
                 A         B        C        D         E       F
            +---------+---------+-------+---------+---------+-------
      Total |   16533 |    4618 |  21.8 |     249 |      31 |  11.1
            +---------+---------+-------+---------+---------+-------
        D:1 |      28 |       0 |   0.0 |      16 |       0 |   0.0
        D:2 |      64 |       0 |   0.0 |      22 |       0 |   0.0
        D:3 |      30 |      48 |  61.5 |      12 |       5 |  29.4
        D:4 |     285 |       0 |   0.0 |      13 |       0 |   0.0
        D:5 |    1114 |       0 |   0.0 |      35 |       0 |   0.0
        D:6 |     643 |     728 |  53.1 |      17 |      14 |  45.2
        D:7 |     907 |     172 |  15.9 |      20 |       1 |   4.8
        D:8 |    1147 |       0 |   0.0 |      25 |       0 |   0.0
        D:9 |    1381 |    1831 |  57.0 |      27 |       8 |  22.9
       D:10 |    4552 |    1599 |  26.0 |      35 |       2 |   5.4
     Lair:1 |     281 |       0 |   0.0 |       1 |       0 |   0.0
     Lair:2 |    6101 |     240 |   3.8 |      26 |       1 |   3.7
            +---------+---------+-------+---------+---------+-------
